AoeStats
← RogueAura950405

Arabia

509420737Analyzed
1v1 RM · 4d ago on Sep 26, 2026· 72m 54s· 2 players
Game mode
Random Map
Map size
Tiny (2 player)
Population
200
Speed
Normal
Resources
Standard
Victory
Conquest
Starting age
Dark Age
Ending age
Imperial Age
RankedLock teamsTeams togetherTeam positionsShared explorationLock speedFull tech treeHidden civsTurbo modeCheats
Victory
Defeat
🇦🇷 Vietnamese · Argentina
874
+18
🇬🇧 Saxons · United Kingdom
914
-18
agusvr3051n
4:09 Loom
10:24 Feudal Age
10:57 Horse Collar
11:04 Double-Bit Axe
12:45 Fletching
12:55 Padded Archer Armor
14:37 Padded Archer Armor
17:41 Forging
21:50 Castle Age
20:55 Stone Mining
20:56 Gold Mining
24:11 Stone Shaft Mining
24:25 Bow Saw
24:42 Bodkin Arrow
25:02 Leather Archer Armor
26:17 Heavy Plow
28:00 Ballistics
29:24 Wheelbarrow
31:52 Hand Cart
32:16 Leather Archer Armor
32:37 Iron Casting
40:18 Imperial Age
38:48 Treadmill Crane
41:46 Paper Money
41:46 Thumb Ring
43:01 Elite Rattan Archer
43:37 Cavalier
44:18 Husbandry
44:28 Bloodlines
44:24 Husbandry
46:28 Chemistry
45:30 Bracer
45:37 Scale Barding Armor
46:40 Ring Archer Armor
47:47 Crop Rotation
48:20 Two-Man Saw
48:52 Scale Mail Armor
49:15 Chain Barding Armor
50:14 Heavy Cavalry Archer
59:36 Plate Barding Armor
70:40 Light Cavalry
RogueAura950405
4:55 Loom
10:20 Feudal Age
11:12 Horse Collar
19:35 Castle Age
22:06 Double-Bit Axe
24:00 Gold Mining
24:24 Fletching
25:18 Wheelbarrow
25:04 Town Watch
25:46 Scale Mail Armor
27:11 Squires
26:57 Gambesons
30:15 Forging
31:50 Bodkin Arrow
32:59 Heavy Plow
33:11 Bow Saw
35:35 Iron Casting
35:15 Chain Mail Armor
35:56 Padded Archer Armor
35:29 Elite Skirmisher
36:19 Thumb Ring
39:18 Imperial Age
38:02 Hand Cart
37:47 Town Patrol
38:13 Leather Archer Armor
39:47 Town Patrol
40:50 Capped Ram
41:58 Arson
41:35 Elite Varangian Guard
43:39 Two-Man Saw
43:51 Siege Ram
47:01 Pikeman
48:46 Crop Rotation
48:50 Shield Wall
50:50 Ballistics
52:08 Ring Archer Armor
52:10 Plate Mail Armor
51:45 Scale Barding Armor
51:41 Bracer
53:34 Conscription
56:25 Chain Barding Armor
56:24 Halberdier
59:09 Chemistry
57:39 Halberdier
61:09 Guard Tower
61:59 Murder Holes
Connection lost

Rejoining the realm…

Still unreachable

The connection could not be restored.

Session expired

The server has moved on; the page needs a fresh start.